 Dungeon Crawl Stone Soup version 0.30-a0-715-gdb4ae3ece1 (webtiles) character file.

Game seed: 9130436782351428486

2014 Newt the Cutter (level 9, 0/54 (65) HPs)
             Began as a Demonspawn Gladiator on Jan 24, 2023.
             Was a Follower of Dithmenos.
             Slain by a wight
             ... wielding a +0 battleaxe
              (2 damage)
             ... on level 6 of the Dungeon.
             The game lasted 00:08:25 (7534 turns).

Newt the Cutter (Demonspawn Gladiator)              Turns: 7534, Time: 00:08:26

HP:   0/54 (65)     AC:  9    Str: 18    XL:     9   Next: 2%
MP:   12/16         EV: 13    Int: 11    God:    Dithmenos [*.....]
Gold: 323           SH:  0    Dex: 24    Spells: 16/18 levels left

rFire   . . .      SeeInvis .    n - +2 whip (venom)
rCold   . . .      Faith    .    (no shield)
rNeg    . . .      Spirit   .    b - +0 leather armour
rPois   .          Reflect  .    r - +2 helmet
rElec   .          Harm     .    (no cloak)
rCorr   .          Rampage  .    i - +2 pair of gloves
Will    .....                    (no boots)
Stlth   +++++                    (no amulet)
HPRegen 0.29/turn                o - +6 ring of dexterity
MPRegen 0.15/turn                q - ring of flight

@: wereblooded, flying, wreathed by umbra, heavily drained
A: claws 2, thin skeletal structure 2, demonic magic 1
a: Renounce Religion


You were on level 6 of the Dungeon.
You worshipped Dithmenos.
Dithmenos was aware of your devotion.
You visited 2 branches of the dungeon, and saw 7 of its levels.
You also visited: Sewer.

You collected 323 gold pieces.

Inventory:

Hand Weapons
 a - a +0 heavy rapier
 n - a +2 whip of venom (weapon)
Missiles
 d - 2 throwing nets
 e - a javelin
 j - 4 curare-tipped darts
 u - 3 boomerangs
Armour
 b - a +0 leather armour (worn)
 c - a +0 helmet
 i - a +2 pair of gloves (worn)
 r - a +2 helmet (worn)
 s - a +2 pair of gloves
Jewellery
 o - a +6 ring of dexterity (left hand)
 q - a ring of flight (right hand)
Wands
 v - a wand of light (6)
 A - a wand of paralysis (6)
 D - a wand of roots (3)
Scrolls
 f - 3 scrolls of immolation
 k - a scroll of magic mapping
 w - a scroll of teleportation
 y - 4 scrolls of enchant armour
 z - 2 scrolls of fog
 B - a scroll of identify
 C - a scroll of fear
 E - a scroll of blinking
 F - a scroll of poison
Potions
 g - 3 potions of curing
 h - a potion of mutation
 l - a potion of brilliance
 m - 3 potions of ambrosia
 p - a potion of haste
 t - a potion of flight
 x - a potion of invisibility
 G - a potion of cancellation {unknown}
 H - 2 potions of degeneration
 I - a potion of lignification {unknown}


   Skills:
 - Level 4.0 Fighting
 - Level 5.0 Short Blades
 - Level 3.0 Maces & Flails
 - Level 1.7 Throwing
 + Level 4.2 Armour
 - Level 2.6 Dodging
 - Level 2.0 Stealth
 - Level 5.0 Spellcasting
 - Level 5.0 Transmutations


You had 16 spell levels left.
You knew the following spells:

 Your Spells              Type           Power      Damage    Failure   Level
a - Wereblood             Tmut           13%        N/A       4%          2

Your spell library contained the following spells:

 Spells                   Type           Power      Damage    Failure   Level
 Sublimation of Blood     Necr           2%         N/A       36%         2
 Summon Hydra             Summ           1%         N/A       100%        7


Dungeon Overview and Level Annotations

Branches:
Dungeon (6/15)             Temple (1/1) D:4           Sewer (visited)

Altars:
Dithmenos
Fedhas
Gozag
Hepliaklqana
Kikubaaqudgha
Makhleb
Okawaru
Qazlal
Sif Muna
Trog
Uskayaw
Vehumet
Wu Jian
Xom
Yredelemnul


Innate Abilities, Weirdness & Mutations

You have very sharp fingernails.
You have a moderately thin skeletal structure. (Dex +4, Stealth++)
Spells you cast may paralyse adjacent enemies.


Message History

The wight closely misses you.
The helpless wight fails to defend itself.
You hit the wight.
The wight is severely damaged.
The wight is no longer paralysed.
The wight hits you with a +0 long sword!
The wight completely misses you.
You hit the wight.
The wight is severely damaged.
The wight barely misses you. x3
You hit the wight but do no damage.
The wight is severely damaged.
The wight barely misses you.
The wight hits you with a +0 long sword.
You feel drained. The wight barely misses you.
You barely miss the wight.
The wight is severely damaged.
The wight misses you. x2; The wight barely misses you.
You hit the wight but do no damage.
The wight is severely damaged.
The wight barely misses you. The wight closely misses you.
The wight hits you with a +0 battleaxe!
You feel drained.
You closely miss the wight.
The wight is severely damaged.
The wight completely misses you. The wight hits you with a +0 battleaxe.
* * * LOW HITPOINT WARNING * * *
The wight closely misses you.
Casting: Wereblood (safe; 4% risk of failure)
Press: ? - help, Q - select action, (/) - cycle Dir - look around, f - activate Your blood is freshly infused with primal strength!
Malevolent energies surge around you.
The wight suddenly stops moving!
The wight hits you with a +3 mace.
* * * LOW HITPOINT WARNING * * *
You feel drained.
* * * LOW HITPOINT WARNING * * *
The wight hits you with a +0 battleaxe!
* * * LOW HITPOINT WARNING * * *
You feel drained.
You die...

....###..##..#.....#
#..>...###..
###.#.....)..####..###.#...##
###
#.#.#..#...............#.#
#.#.#..##................#
#..........#.####.#.....(#
#......#####.# #.#......#
#.#.##.# #.# #.#......#
#.#.##.#####.####.#..##..#
#.#.##.##.....@.#.#..##..#
#.#.##.##....zzz#........#
###.#.##.##.....s.####.#####
#........##.......####.#
#.###.#.###.......##...#
#.##..#.# #.......##.###
#.##.##.# #.......##.#
#.##.##.# ##########.#
#.......# #<#


You could see a scorpion and 3 wights.

Vanquished Creatures
  Grinder (D:6)
  A yak (D:5)
  An ice beast (D:5)
  2 black bears (D:6)
  A centaur (D:6)
  2 gnoll sergeants
  2 bullfrogs (Sewer)
  3 scorpions
  3 necrophages (D:5)
  A howler monkey (D:4)
  3 hounds
  4 orc priests
  An iguana (D:4)
  Ijyb (D:3)
  7 gnolls
  14 adders
  A shadow imp (D:5)
  A white imp (D:6)
  2 ufetubi
  4 worms
  7 dart slugs
  21 orcs
  9 ball pythons
  11 endoplasms
  11 giant cockroaches
  7 goblins
  10 hobgoblins
  6 jackals
  6 kobolds
  16 quokkas
  7 bats
  11 frilled lizards
  11 rats
188 creatures vanquished.

Notes
Turn   | Place    | Note
-------+----------+-------------------------------------------
     0 | D:1      | Newt the Demonspawn Gladiator began the quest for the Orb.
     0 | D:1      | Reached XP level 1. HP: 16/16 MP: 1/1
    42 | D:1      | Reached skill level 1 in Stealth
   100 | D:1      | Gained mutation: Spells you cast may paralyse adjacent
                  | enemies. [demonic ancestry]
   100 | D:1      | Reached XP level 2. HP: 22/22 MP: 2/2
   190 | D:1      | Found a faded altar of an unknown god.
   642 | D:1      | Gained mutation: You have sharp fingernails. [demonic
                  | ancestry]
   642 | D:1      | Reached XP level 3. HP: 28/28 MP: 3/3
  1659 | D:2      | Reached XP level 4. HP: 22/37 MP: 4/4
  2102 | D:3      | Reached skill level 1 in Maces & Flails
  2195 | D:3      | Found a glowing drain.
  2227 | Sewer    | Entered a sewer
  2279 | Sewer    | Noticed a bullfrog
  2281 | Sewer    | Noticed a bullfrog
  2287 | Sewer    | Killed a bullfrog
  2288 | Sewer    | Reached XP level 5. HP: 30/42 MP: 5/5
  2296 | Sewer    | Reached skill level 1 in Armour
  2364 | Sewer    | Gained mutation: You have a somewhat thin skeletal
                  | structure. (Dex +2, Stealth+) [demonic ancestry]
  2364 | Sewer    | Reached XP level 6. HP: 47/48 MP: 6/6
  2698 | D:3      | Learned a level 2 spell: Wereblood
  2765 | D:3      | Noticed Ijyb
  2785 | D:3      | Killed Ijyb
  3469 | D:4      | Found a staircase to the Ecumenical Temple.
  3491 | Temple   | Entered the Ecumenical Temple
  3644 | Temple   | Became a worshipper of Dithmenos the Shadowed
  3866 | D:4      | Gained mutation: You have very sharp fingernails. [demonic
                  | ancestry]
  3866 | D:4      | Reached XP level 7. HP: 53/54 MP: 7/7
  4336 | D:5      | Entered Level 5 of the Dungeon
  4975 | D:5      | HP: 1/54 [iguana (5)]
  5401 | D:5      | Reached skill level 5 in Short Blades
  5455 | D:5      | Reached skill level 1 in Spellcasting
  5455 | D:5      | Reached skill level 1 in Transmutations
  5680 | D:5      | Noticed a yak
  5742 | D:5      | Killed a yak
  5742 | D:5      | Reached * piety under Dithmenos
  5743 | D:5      | Reached XP level 8. HP: 14/60 MP: 9/11
  6890 | D:6      | Noticed Grinder
  6895 | D:6      | Paralysed by Grinder for 4 turns
  6908 | D:6      | Killed Grinder
  7238 | D:6      | Reached skill level 5 in Spellcasting
  7238 | D:6      | Reached skill level 5 in Transmutations
  7238 | D:6      | Gained mutation: You have a moderately thin skeletal
                  | structure. (Dex +4, Stealth++) [demonic ancestry]
  7238 | D:6      | Reached XP level 9. HP: 45/65 MP: 16/16
  7403 | D:6      | Identified the +10 dagger "Saidghao" {flame, Will- Str+4
                  | Int+4}
  7534 | D:6      | HP: 2/56 [wight/+0 battleaxe (10)]
  7534 | D:6      | Slain by a wight

Illustrated notes

Levels and vault maps discovered:
D:1:      lemuel_arrival_hallway, layout_loops_ring,
          chequers_ecumenical_altar_grove, minmay_unequal
D:2:      layout_basic, minivault_24, minmay_misc_feat_alley
D:3:      layout_loops_ring, gup_sewer_entry_pipe, minivault_27,
          nicolae_elevator_lobby_asterisk, uniq_ijyb
D:4:      layout_basic, minmay_temple_entry_stoned_glass, eino_tiny_chamber
D:5:      cheibrodos_barr_body, layout_basic, sigmund_army
D:6:      layout_loops_cross, uniq_grinder
Temple:   nicolae_temple_bog_church

Skill      XL: |  1  2  3  4  5  6  7  8 |
---------------+-------------------------+-----
Stealth        | 1 2 |  2.0
Fighting       | 3 4 |  4.0
Maces & Flails | 3 |  3.0
Armour         | 1 4 |  4.2
Short Blades   | 3 5 |  5.0
Spellcasting   | 2 5 |  5.0
Transmutations | 2 5 |  5.0
Throwing       | |  1.7
Dodging        | |  2.6

Action                     |  1- 3 |  4- 6 |  7- 9 || total
---------------------------+-------+-------+-------++-------
  Melee: Rapier            |    81 |       |       ||    81
         Whip              |    46 |   244 |   243 ||   533
         Punch             |     1 |     4 |     6 ||    11
  Throw: Javelin           |     1 |       |       ||     1
         Throwing net      |       |       |     3 ||     3
   Cast: Wereblood         |       |       |     4 ||     4
    Use: Scroll            |     3 |     7 |     9 ||    19
         Potion            |     1 |       |       ||     1
   Stab: Sleeping          |     8 |    15 |     9 ||    32
         Paralysed         |       |       |    10 ||    10
 Armour: Leather armour    |    42 |    72 |    75 ||   189
  Dodge: Dodged            |    77 |   137 |   168 ||   382

Table legend: (Time is in decaauts)
 A = Elapsed time spent in this place.
 B = Non-inter-level travel time spent in this place.
 C = Inter-level travel time spent in this place.
 D = Time resting spent in this place.
 E = Time spent auto-exploring this place.
 F = Levels seen in this place.
 G = Mean time per level.
                   A        B        C        D        E       F      G
               +--------+--------+--------+--------+--------+-----+--------+
         Total |   7526 |   7293 |    233 |   1268 |   4476 |   8 |  940.8 |
       Dungeon |   7056 |   6852 |    204 |   1268 |   4212 |   6 | 1176.0 |
        Temple |    171 |    142 |     29 |      0 |    128 |   1 |  171.0 |
         Sewer |    298 |    298 |      0 |      0 |    136 |   1 |  298.0 |
               +--------+--------+--------+--------+--------+-----+--------+

Top non-repeatable levels by time:
     D:4: 1553 daAuts
     D:5: 1518 daAuts
     D:2: 1095 daAuts
     D:3: 996 daAuts
     D:1: 955 daAuts
     D:6: 937 daAuts
   Sewer: 298 daAuts
  Temple: 171 daAuts
